 Dungeon Crawl Stone Soup version 0.24-a0-493-g7e4ddcd485 (webtiles) character file.

Game seed: 17817668581358017602

12315 ivs the Severer (level 11, -1/145 HPs)
             Began as a Hill Orc Gladiator on July 13, 2019.
             Was a High Priest of Makhleb.
             Slain by a death knight
             ... wielding a +3 glaive of flaming
              (8 damage)
             ... on level 13 of the Dungeon.
             The game lasted 01:10:30 (5231 turns).

ivs the Severer (Hill Orc Gladiator)                Turns: 5231, Time: 01:10:31

Health: -1/145     AC: 12    Str: 30    XL:     11   Next: 91%
Magic:  20/20      EV: 12    Int: 11    God:    Makhleb [*****.]
Gold:   569        SH:  0    Dex: 12    Spells: 8/10 levels left

rFire    . . .     SeeInvis .   a - +0 war axe
rCold    . . .     Gourm    .   (no shield)
rNeg     + . .     Faith    +   s - +0 acid dragon scales
rPois    +         Spirit   .   m - +1 helmet {Int+3}
rElec    +         Reflect  .   l - +1 cloak of Liberty {rN+}
rCorr    +         Harm     .   (no gloves)
MR       .....                  (no boots)
Stlth    ..........             J - amulet of faith
HPRegen  0.34/turn              X - ring of Xaerghetze {rElec Str+4}
MPRegen  0.17/turn              P - ring of poison resistance

@: berserking, very quick
A: no striking features
a: Minor Destruction, Lesser Servant of Makhleb, Major Destruction, Greater
Servant of Makhleb, Renounce Religion


You were on level 13 of the Dungeon.
You worshipped Makhleb.
Makhleb was extremely pleased with you.
You were not hungry.

You visited 2 branches of the dungeon, and saw 14 of its levels.

You collected 724 gold pieces.
You spent 155 gold pieces at shops.

Inventory:

Hand Weapons
 a - a +0 war axe (weapon)
 b - the +9 hand crossbow "Otte" {elec, Stlth+}
   (You found it on level 13 of the Dungeon)

   It charges the ammunition it shoots with electricity; occasionally upon a
   hit, such missiles may discharge and cause terrible harm.
   It makes you more stealthy.
 u - a +2 flail of holy wrath
 M - a +2 mace of protection
Missiles
 d - 6 silver javelins (quivered)
 A - 22 poisoned darts
 V - 14 bolts
Armour
 l - the +1 cloak of Liberty (worn) {rN+}
   (You found it on level 6 of the Dungeon)

   It protects you from negative energy.
 m - a +1 helmet of intelligence (worn)
 n - a scarf of cloud immunity
 s - +0 acid dragon scales (worn)
 t - a +0 troll leather armour
 K - a +0 large shield
Magical Staves
 O - an uncursed staff of air
Jewellery
 i - an uncursed ring of protection from fire {unknown}
 J - an amulet of faith (around neck)
 L - an uncursed ring of flight
 P - a ring of poison resistance (right hand)
 W - an uncursed ring of wizardry
 X - the ring of Xaerghetze (left hand) {rElec Str+4}
   (You took it off a crimson imp on level 6 of the Dungeon)

   [ring of strength]

   It affects your strength (+4).
   It insulates you from electricity.
Wands
 e - a wand of digging (4)
 U - a wand of enslavement (6)
Scrolls
 g - 2 scrolls of noise
 j - 3 scrolls of enchant armour
 k - a scroll of immolation {unknown}
 q - a scroll of fear {unknown}
 v - 2 scrolls of fog {unknown}
 y - 2 scrolls of random uselessness {unknown}
 C - 3 scrolls of remove curse
 D - 3 scrolls of enchant weapon
 E - 5 scrolls of teleportation {unknown}
 F - a scroll of blinking {unknown}
 G - a scroll of vulnerability {unknown}
 H - a scroll of silence {unknown}
 Q - 3 scrolls of magic mapping {unknown}
 T - 5 scrolls of amnesia
Potions
 h - 3 potions of curing
 o - 4 potions of haste
 p - 2 potions of lignification {unknown}
 w - 3 potions of mutation
 x - a potion of degeneration {unknown}
 z - 3 potions of agility
 B - a potion of ambrosia
 R - a potion of might {unknown}
 S - a potion of brilliance {unknown}
Comestibles
 c - 6 chunks of flesh
 f - 15 rations


   Skills:
 - Level 9.0 Fighting
 - Level 16.0 Axes
 + Level 0.0 Crossbows
 - Level 1.7 Throwing
 - Level 6.0 Armour
 - Level 2.4 Dodging
 - Level 1.0 Stealth
 - Level 12.1 Invocations
 - Level 3.0 Evocations


You had 8 spell levels left.
You knew the following spells:

 Your Spells              Type           Power        Failure   Level  Hunger
a - Apportation           Tloc           #.....       38%         1    ##.....
s - Animate Skeleton      Necr           N/A          38%         1    ##.....

Your spell library contained the following spells:

 Spells                   Type           Power        Failure   Level  Hunger
 Confusing Touch          Hex            #.....       38%         1    ##.....
 Corona                   Hex            #......      38%         1    ##.....
 Flame Tongue             Conj/Fire      #....        38%         1    ##.....
 Sandblast                Erth           #.....       38%         1    ##.....
 Summon Small Mammal      Summ           #...         38%         1    ##.....
 Passwall                 Tmut/Erth      #.......     52%         2    ###....
 Slow                     Hex            #.......     52%         2    ###....
 Throw Flame              Conj/Fire      #.....       52%         2    ###....
 Conjure Flame            Conj/Fire      #.......     77%         3    ####...
 Inner Flame              Hex/Fire       #.......     77%         3    ####...
 Portal Projectile        Hex/Tloc       #.....       77%         3    ####...
 Stone Arrow              Conj/Erth      #.....       77%         3    ####...
 Cause Fear               Hex            #.........   99%         4    #####..
 Leda's Liquefaction      Hex/Erth       #.........   99%         4    #####..
 Petrify                  Tmut/Erth      #.......     99%         4    #####..
 Sticky Flame             Conj/Fire      #.......     99%         4    #####..
 Fireball                 Conj/Fire      #.........   100%        5    ######.
 Lee's Rapid Deconstruct  Erth           #.........   100%        5    ######.


Dungeon Overview and Level Annotations

Branches:
Dungeon (13/15)            Temple (1/1) D:4          Vaults (0/5) D:13
   Lair: D:8-11         Orc: D:9-12

Altars:
Ashenzari
Cheibriados
Dithmenos
Elyvilon
Gozag
Makhleb
Qazlal
Trog
Uskayaw
Wu Jian
Xom
Zin
The Shining One

Shops:
D:6 *

Annotations:
D:11 Gastronok, Josephine
D:13 Urug


Message History

You closely miss the death knight.
The death knight is severely wounded.
You barely miss the death knight.
The death knight is severely wounded.
The death knight calls down the wrath of Yredelemnul upon you.
Your body is wracked with pain!
* * * LOW HITPOINT WARNING * * *
You barely miss the death knight.
The death knight is severely wounded.
You barely miss the death knight.
The death knight is severely wounded.
The death knight mumbles some strange prayers to Yredelemnul against you.
Your body is wracked with pain!
* * * LOW HITPOINT WARNING * * *
You slash the death knight!
The death knight is severely wounded.
You barely miss the death knight.
The death knight is severely wounded.
The death knight hits you with a +3 glaive of flaming!
You die...

#.....# #.##..#
##########.....##
#...........÷...#
#.########'''##.#
#.#.)...#.^...#.#
#.#.....'.....#.#
#.#..⌠..'..⌠..#
#@#....(†.÷..)#
#p#...†.#.....#
.(##''†########
.#(#.....#...([#
..#.#.....).....#
..
#(#..⌠..').∩).#
#..
#.#.....'.....#
+.
#.#.....#.....#
#############


You could see a death knight.

Vanquished Creatures
  A vault guard (D:13)
  A wizard (D:13)
  2 centaur skeletons (D:12)
  A yaktaur (D:13)
  3 trolls
  A merfolk (D:9)
  A meliai zombie (D:12)
  3 hippogriffs
  13 humans (D:13)
  A soldier ant (D:12)
  2 acid dragons
  A sky beast (D:10)
  4 orc warriors
  5 ice beasts
  An eye of draining (D:12)
  A phantom (D:6)
  A centaur (D:11)
  2 ogres
  A big kobold (D:10)
  3 bullfrogs
  18 killer bees
  2 wights (D:7)
  9 howler monkeys
  6 crimson imps
  3 centaur zombies
  4 jellies
  Crazy Yiuf (D:7)
  A bullfrog zombie (D:8)
  A gnoll shaman (D:6)
  3 orc priests
  8 hounds
  7 orc wizards
  2 bullfrog skeletons
  2 iguanas
  6 worker ants
  A hound zombie (D:9)
  2 hound skeletons
  A howler monkey skeleton (D:6)
  2 worker ant zombies
  5 gnolls (D:6)
  9 adders
  3 shadow imps
  An ooze (D:7)
  An adder zombie (D:10)
  2 adder skeletons (D:4)
  2 dart slugs (D:1)
  5 leopard geckos
  39 orcs
  4 bats
  4 giant cockroaches
  2 goblins
  3 hobgoblins (D:2)
  3 quokkas (D:5)
  3 ball pythons
  3 frilled lizards
  7 kobolds
  A quokka skeleton (D:8)
  2 quokka zombies
  6 rats
232 creatures vanquished.

Vanquished Creatures (collateral kills)
  Nessos (D:12)
  2 vault guards (D:13)
  2 wizards (D:13)
  A necromancer (D:13)
  A hornet (D:12)
  4 humans (D:13)
  A big kobold (D:11)
12 creatures vanquished.

Grand Total: 244 creatures vanquished

Notes
Turn   | Place    | Note
-------+----------+-------------------------------------------
     0 | D:1      | ivs the Hill Orc Gladiator began the quest for the Orb.
     0 | D:1      | Reached XP level 1. HP: 18/18 MP: 1/1
    64 | D:1      | Reached XP level 2. HP: 23/25 MP: 2/2
   107 | D:2      | Reached skill level 5 in Axes
   315 | D:1      | Reached XP level 3. HP: 18/30 MP: 3/3
   531 | D:3      | Found a glowing silver altar of Zin.
   663 | D:3      | Reached skill level 6 in Axes
   756 | D:4      | Found a staircase to the Ecumenical Temple.
   769 | Temple   | Entered the Ecumenical Temple
   797 | Temple   | Became a worshipper of Makhleb the Destroyer
   890 | D:3      | Reached XP level 4. HP: 37/37 MP: 4/4
   994 | D:4      | Found a stormy altar of Qazlal.
  1051 | D:5      | Entered Level 5 of the Dungeon
  1055 | D:5      | Reached skill level 7 in Axes
  1072 | D:5      | Reached XP level 5. HP: 37/45 MP: 5/5
  1324 | D:5      | Reached skill level 5 in Fighting
  1324 | D:5      | Reached XP level 6. HP: 39/56 MP: 6/6
  1555 | D:6      | Reached * piety under Makhleb
  1612 | D:6      | Reached skill level 8 in Axes
  1612 | D:6      | Reached XP level 7. HP: 26/63 MP: 7/7
  1808 | D:6      | Reached skill level 9 in Axes
  1843 | D:6      | Reached skill level 10 in Axes
  1896 | D:6      | Reached XP level 8. HP: 55/70 MP: 8/8
  1953 | D:6      | Identified the ring of Xaerghetze {rElec Str+4}
  1980 | D:6      | Reached ** piety under Makhleb
  1995 | D:6      | Reached skill level 11 in Axes
  2102 | D:5      | Learned a level 1 spell: Apportation
  2148 | D:6      | Got a jewelled cloak
  2159 | D:6      | Identified the +1 cloak of Liberty {rN+} (You found it on
                  | level 6 of the Dungeon)
  2159 | D:6      | Found Qeawkete's Assorted Antiques.
  2165 | D:6      | Bought a scroll of identify for 62 gold pieces
  2165 | D:6      | Bought a scroll labeled WOURITRUHAI for 31 gold pieces
  2165 | D:6      | Bought a scroll labeled EKONYSALYTS for 31 gold pieces
  2165 | D:6      | Bought a scroll labeled WOURITRUHAI for 31 gold pieces
  2206 | D:6      | Reached skill level 1 in Invocations
  2364 | D:7      | Found an opulent altar of Gozag.
  2535 | D:7      | Found a runed translucent door.
  2536 | D:7      | Noticed Crazy Yiuf
  2545 | D:7      | Killed Crazy Yiuf
  2545 | D:7      | Reached skill level 5 in Invocations
  2650 | D:8      | Reached XP level 9. HP: 69/75 MP: 12/14
  2757 | D:8      | Reached skill level 1 in Evocations
  2817 | D:8      | Found a glowing golden altar of the Shining One.
  2818 | D:8      | Found a white marble altar of Elyvilon.
  3164 | D:9      | Reached skill level 12 in Axes
  3266 | D:9      | Learned a level 1 spell: Animate Skeleton
  3289 | D:10     | Entered Level 10 of the Dungeon
  3295 | D:10     | Got a faintly glowing ring mail
  3308 | D:10     | Identified the cursed +0 ring mail of Dishonour {-Cast rN+
                  | Str+2 Int+2} (You found it on level 10 of the Dungeon)
  3312 | D:10     | Noticed a troll
  3368 | D:9      | Reached *** piety under Makhleb
  3396 | D:9      | Noticed a merfolk
  3420 | D:9      | Killed a merfolk
  3420 | D:9      | Reached skill level 13 in Axes
  3520 | D:10     | Noticed a troll
  3531 | D:10     | Killed a troll
  3534 | D:10     | Reached skill level 14 in Axes
  3592 | D:10     | Killed a troll
  3592 | D:10     | Reached XP level 10. HP: 78/86 MP: 15/15
  3676 | D:10     | Reached skill level 1 in Stealth
  3836 | D:10     | Reached **** piety under Makhleb
  3921 | D:11     | Noticed Gastronok
  4065 | D:10     | Reached skill level 1 in Armour
  4345 | D:11     | Reached skill level 5 in Armour
  4381 | D:11     | Noticed Josephine
  4588 | D:12     | Reached skill level 15 in Axes
  4588 | D:12     | Reached XP level 11. HP: 71/97 MP: 16/16
  4724 | D:12     | Reached ***** piety under Makhleb
  4810 | D:13     | Noticed Urug
  4811 | D:13     | Noticed a death knight
  4811 | D:13     | Paralysed by Urug for 6 turns
  4845 | D:12     | Noticed Nessos
  4860 | D:12     | Killed Nessos
  4972 | D:13     | Reached skill level 16 in Axes
  5026 | D:13     | Noticed a wizard
  5044 | D:13     | Paralysed by a wizard for 5 turns
  5061 | D:13     | Killed a wizard
  5061 | D:13     | Reached skill level 10 in Invocations
  5065 | D:13     | Found a gate to the Vaults.
  5065 | D:13     | Noticed a vault guard
  5065 | D:13     | Noticed a wizard
  5065 | D:13     | Noticed a vault guard
  5065 | D:13     | Noticed a wizard
  5065 | D:13     | Noticed a necromancer
  5065 | D:13     | Noticed a vault guard
  5076 | D:13     | Killed a wizard
  5085 | D:13     | Killed a vault guard
  5089 | D:13     | Killed a vault guard
  5089 | D:13     | Killed a necromancer
  5092 | D:13     | Killed a wizard
  5101 | D:13     | Killed a vault guard
  5153 | D:13     | Got a blackened hand crossbow
  5154 | D:13     | Identified the +9 hand crossbow "Otte" {elec, Stlth+} (You
                  | found it on level 13 of the Dungeon)
  5229 | D:13     | HP: 6/145 [??? (3)]
  5231 | D:13     | Slain by a death knight

Levels and vault maps discovered:
D:1:      lemuel_arrival_rhombus, layout_basic, minmay_pentomino_r2
D:2:      layout_rooms, nicolae_ru_great_annihilating_truth, uniq_jessica
D:3:      layout_loops_cross, lemuel_crystal_altar
D:4:      layout_basic, minmay_temple_entry_junction_2, first_ration,
          grunt_qazlal_clouds
D:5:      layout_loops_cross, lemuel_flame_loot_1
D:6:      layout_basic, serial_shops, shop, minmay_divided_ellipse
D:7:      layout_loops_ring, basic_altar, uniq_crazy_yiuf_cottage
D:8:      layout_rooms, grunt_temple_overflow_open
D:9:      layout_rooms, lemuel_zombie_altar_yredelemnul, lemuel_blue_sif_altar,
          minmay_misc_feat_diagonals, small_statue_intersection,
          hangedman_fish_farm
D:10:     layout_long_grid, special_room [special_room_orc], chequers_arboretum,
          nooodl_food_tri
D:11:     layout_irregular_city, david_lair_shrubbed, orc_0_dummy,
          uniq_josephine, uniq_gastronok
D:12:     layout_basic, serial_shops, kennysheep_mini, uniq_nessos
D:13:     minmay_heptahexagon, layout_cave_pods, grunt_vaults_entry_tiered,
          enter_bailey_3, minmay_hedge_maze, uniq_urug
Temple:   eino_temple_rhombus

Skill      XL: |  1  2  3  4  5  6  7  8  9 10 11 |
---------------+----------------------------------+-----
Axes           | 5 6 7 8 10 11 14 15 16 | 16.0
Fighting       | 3 5 6 7 9 |  9.0
Invocations    | 6 7 12 | 12.1
Evocations     | 3 |  3.0
Stealth        | 1 |  1.0
Armour         | 6 |  6.0
Throwing       | |  1.7
Dodging        | |  2.4

Action                   |  1- 3 |  4- 6 |  7- 9 | 10-12 || total
-------------------------+-------+-------+-------+-------++-------
Melee: War axe           |   107 |    95 |   312 |   374 ||   888
 Fire: Hand crossbow     |       |       |       |     3 ||     3
Throw: Throwing net      |     3 |       |     4 |     1 ||     8
       Javelin           |       |     1 |    11 |     3 ||    15
       Dart              |       |       |       |    10 ||    10
Invok: Minor Destruction |       |       |     6 |     7 ||    13
       Lesser Servant of |       |       |       |     8 ||     8
Evoke: Wand              |       |       |       |     4 ||     4
  Use: Scroll            |     1 |     5 |     6 |     1 ||    13
       Potion            |       |       |     2 |     1 ||     3
 Stab: Sleeping          |     1 |       |       |       ||     1
       Held in net/web   |       |       |     1 |       ||     1
       Distracted        |       |       |       |     2 ||     2
  Eat: Chunk             |       |     3 |     4 |     5 ||    12
       Ration            |       |       |     1 |       ||     1
Armor: Leather armour    |    19 |       |       |       ||    19
       Scale mail        |    20 |    40 |    87 |       ||   147
       Acid dragon scale |       |       |    27 |   170 ||   197
Dodge: Dodged            |    65 |    58 |   124 |   177 ||   424

Table legend:
 A = Non-vault XP
 B = Vault XP
 C = Vault XP percentage of total XP
 D = Non-vault monster count
 E = Vault monster count
 F = Vault count percentage of total count
                 A         B        C        D         E       F
            +---------+---------+-------+---------+---------+-------
      Total |    8441 |    9153 |  52.0 |     188 |      56 |  23.0
            +---------+---------+-------+---------+---------+-------
        D:1 |      19 |       0 |   0.0 |       9 |       0 |   0.0
        D:2 |      22 |       0 |   0.0 |      13 |       0 |   0.0
        D:3 |      31 |       0 |   0.0 |      11 |       0 |   0.0
        D:4 |      71 |       0 |   0.0 |      10 |       0 |   0.0
        D:5 |     317 |       0 |   0.0 |      13 |       0 |   0.0
        D:6 |     787 |     514 |  39.5 |      28 |       8 |  22.2
        D:7 |     438 |      45 |   9.3 |      13 |       1 |   7.1
        D:8 |     417 |       0 |   0.0 |      10 |       0 |   0.0
        D:9 |     839 |     309 |  26.9 |      11 |       1 |   8.3
       D:10 |    2288 |     491 |  17.7 |      35 |      20 |  36.4
       D:11 |     995 |       0 |   0.0 |      16 |       0 |   0.0
       D:12 |    2217 |     958 |  30.2 |      19 |       1 |   5.0
       D:13 |       0 |    6836 | 100.0 |       0 |      25 | 100.0
            +---------+---------+-------+---------+---------+-------
